 Dungeon Crawl Stone Soup version 0.27-a0-1196-g3e9cee4cb2 (webtiles) character file.

Game seed: 4109450984309103389

158 pcat the Conjurer (level 5, -3/29 HPs)
             Began as a Deep Elf Conjurer on May 27, 2021.
             Slain by an orc warrior
             ... wielding a +0 halberd
              (19 damage)
             ... on level 4 of the Dungeon.
             The game lasted 00:05:14 (2995 turns).

pcat the Conjurer (Deep Elf Conjurer)               Turns: 2995, Time: 00:05:14

Health: -3/29      AC:  8    Str:  4    XL:     5   Next: 16%
Magic:  4/14       EV: 12    Int: 24    God:
Gold:   215        SH:  0    Dex: 13    Spells: 6/13 levels left

rFire    . . .     SeeInvis .   c - +0 dagger
rCold    . . .     Faith    .   (no shield)
rNeg     . . .     Spirit   .   a - +0 robe
rPois    .         Reflect  .   (no helmet)
rElec    .         Harm     .   k - +0 cloak
rCorr    .         Rampage  .   l - +0 pair of gloves
Will     .....                  (no boots)
Stlth    ++........             (no amulet)
HPRegen  0.09/turn              i - +4 ring of protection
MPRegen  0.14/turn              (no ring)

@: no status effects
A: no striking features
a: no special abilities


You were on level 4 of the Dungeon.
You visited 1 branch of the dungeon, and saw 4 of its levels.

You collected 215 gold pieces.

Inventory:

Hand Weapons
 c - a +0 dagger (weapon)
Missiles
 j - 77 stones
Armour
 a - a +0 robe (worn)
 k - a +0 cloak (worn)
 l - a +0 pair of gloves (worn)
Jewellery
 i - a +4 ring of protection (left hand)
Scrolls
 b - 2 scrolls of fear {unknown}
 d - 2 scrolls of amnesia {unknown}
 e - 3 scrolls of teleportation {unknown}
 f - a scroll of noise {unknown}
 g - 2 scrolls of identify {unknown}
 m - a scroll of acquirement {unknown}
 n - a scroll of blinking {unknown}
Potions
 h - 2 potions of heal wounds {unknown}
 o - a potion of mutation {unknown}
 p - a potion of flight {unknown}
 q - 2 potions of haste {unknown}
 r - a potion of attraction {unknown}


   Skills:
 + Level 1.3 Fighting
 + Level 2.7 Dodging
 - Level 2.4 Stealth
 * Level 4.8 Spellcasting
 * Level 5.5 Conjurations
 * Level 1.8 Hexes


You had 6 spell levels left.
You knew the following spells:

 Your Spells              Type           Power      Damage    Failure   Level
a - Magic Dart            Conj           100%       1d8       1%          1
b - Searing Ray           Conj           64%        3d5       1%          2
c - Fulminant Prism       Conj/Hex       11%        3d9       21%         4

Your spell library contained the following spells:

 Spells                   Type           Power      Damage    Failure   Level
 Foxfire                  Conj/Fire      76%        2x1d7     3%          1
 Dazzling Flash           Conj/Hex       46%        N/A       6%          3
 Conjure Flame            Conj/Fire      19%        6-21      9%          3
 Inner Flame              Hex/Fire       10%        N/A       19%         3
 Iskenderun's Mystic Bla  Conj/Tloc      19%        2d6       28%         4
 Sticky Flame             Conj/Fire      19%        2d4       28%         4
 Fireball                 Conj/Fire      9%         3d6       63%         5


Dungeon Overview and Level Annotations

Branches:
Dungeon (4/15)
 Temple: D:4-7

Altars:

Shops:
D:2 [

Annotations:
D:4 Pikel


Message History

You can't see any susceptible monsters within range! (Use Z to cast anyway.)
You can't see any susceptible monsters within range! (Use Z to cast anyway.)
You see here a ball python corpse.
You now have 215 gold pieces (gained 13).
j - 77 stones (gained 25) 2 orcs come into view.
There are monsters nearby!
The magic dart hits the orc!
You kill the orc!
The magic dart hits the orc.
The orc is lightly wounded.
The orc shouts!
An orc warrior comes into view. It is wielding a +0 halberd.
The magic dart hits the orc warrior!
The orc warrior is moderately wounded.
The orc warrior shouts!
An orc warrior is nearby!
The magic dart hits the orc warrior but does no damage.
The orc warrior is moderately wounded.
The magic dart hits the orc warrior.
The orc warrior is heavily wounded.
The magic dart hits the orc warrior but does no damage.
The orc warrior is heavily wounded.
An orc wizard comes into view. It is wielding a +0 dagger.
The magic dart hits the orc warrior.
The orc warrior is severely wounded.
The orc wizard shouts!
The magic dart hits the orc warrior.
The orc warrior is almost dead.
The magic dart hits the orc warrior but does no damage.
The orc warrior is severely wounded.
The orc warrior hits you from afar with a +0 halberd!
The magic dart hits the orc warrior.
The orc warrior is almost dead.
The orc warrior barely misses you.
The magic dart hits the orc warrior but does no damage.
The orc warrior is almost dead.
The orc warrior hits you from afar with a +0 halberd!!
Ouch! That really hurt!
You die...

#####
##...##
##..#..#
##..###.#
##..## #.##
##..## #..#
##..##
##.########
##..##
#..@...?...
#..##
#....o.....
#†##
#......oo).
#..#
#.######."#
##.##
#......# .#
#..#
#......+ .
##.##
#......#
#..#
#.....†#
##.#
#......#


You could see an orc warrior, an orc wizard and an orc.

Vanquished Creatures
  A lemure (D:3)
  A bullfrog (D:3)
  An adder (D:2)
  A worm (D:3)
  A dart slug (D:3)
  4 orcs
  11 endoplasms
  2 giant cockroaches (D:3)
  5 hobgoblins
  6 jackals
  5 kobolds
  4 quokkas (D:1)
  9 ball pythons
  8 bats
  2 frilled lizards (D:1)
  2 goblins
  5 rats
68 creatures vanquished.

Notes
Turn   | Place    | Note
-------+----------+-------------------------------------------
     0 | D:1      | pcat the Deep Elf Conjurer began the quest for the Orb.
     0 | D:1      | Reached XP level 1. HP: 10/10 MP: 6/6
   217 | D:1      | Reached XP level 2. HP: 15/15 MP: 1/8
   387 | D:1      | Learned a level 2 spell: Searing Ray
   790 | D:1      | Reached XP level 3. HP: 20/20 MP: 7/10
  1227 | D:2      | Reached skill level 5 in Conjurations
  1518 | D:2      | Found a faded altar of an unknown god.
  1587 | D:2      | Found Xakheb's Antique Armour Shop.
  1614 | D:2      | Reached skill level 1 in Fighting
  1995 | D:3      | Reached XP level 4. HP: 25/25 MP: 9/12
  2002 | D:3      | Learned a level 4 spell: Fulminant Prism
  2368 | D:3      | Noticed a bullfrog
  2372 | D:3      | Killed a bullfrog
  2373 | D:3      | Reached skill level 1 in Hexes
  2373 | D:3      | Reached XP level 5. HP: 23/29 MP: 9/14
  2637 | D:4      | Noticed a lemure
  2637 | D:4      | Noticed a lemure
  2640 | D:4      | Noticed Pikel
  2640 | D:4      | Noticed a lemure
  2643 | D:4      | Noticed a lemure
  2647 | D:3      | Killed a lemure
  2987 | D:4      | Noticed an orc warrior
  2995 | D:4      | Slain by an orc warrior

Illustrated notes

Levels and vault maps discovered:
D:1:      sevenhm_arrival_forest_fort_large_4, layout_loops_ring
D:2:      layout_rooms, serial_shops, nicolae_shop_statue_plus,
          shapermc_ecumenical_altar_flowoftime
D:3:      layout_basic
D:4:      layout_gridville, fedhas_altar_4, corexii_item_surrounded_by_moat,
          minmay_misc_feat_alley, grunt_decor_one_mirror, uniq_pikel

Skill      XL: |  1  2  3  4 |
---------------+-------------+-----
Spellcasting   | 4 |  4.8
Conjurations   | 5 |  5.5
Fighting       | 1 |  1.3
Hexes          | 1 |  1.8
Dodging        | |  2.7
Stealth        | |  2.4

Action                   |  1- 3 |  4- 6 || total
-------------------------+-------+-------++-------
 Cast: Magic Dart        |    96 |    62 ||   158
       Searing Ray       |       |     1 ||     1
Armor: Robe              |     4 |     4 ||     8
Dodge: Dodged            |     2 |     6 ||     8

Table legend: (Time is in decaauts)
 A = Elapsed time spent in this place.
 B = Non-inter-level travel time spent in this place.
 C = Inter-level travel time spent in this place.
 D = Time resting spent in this place.
 E = Time spent auto-exploring this place.
 F = Levels seen in this place.
 G = Mean time per level.
                   A        B        C        D        E       F      G
               +--------+--------+--------+--------+--------+-----+--------+
         Total |   2994 |   2936 |     58 |    174 |   2443 |   4 |  748.5 |
       Dungeon |   2994 |   2936 |     58 |    174 |   2443 |   4 |  748.5 |
               +--------+--------+--------+--------+--------+-----+--------+

Top non-repeatable levels by time:
     D:1: 1217 daAuts
     D:3: 928 daAuts
     D:2: 623 daAuts
     D:4: 225 daAuts
